 Dungeon Crawl Stone Soup version 0.29.0-4-gdea44cf6ec (webtiles) character file.

Game seed: 6355040197244172454

85 qw the Chopper (level 4, -1/26 HPs)
             Began as a Tengu Warper on Aug 28, 2022.
             Slain by a jackal (2 damage)
             ... on level 3 of the Dungeon.
             The game lasted 00:00:10 (2020 turns).

qw the Chopper (Tengu Warper)                       Turns: 2020, Time: 00:00:11

Health: -1/26      AC:  5    Str: 14    XL:     4   Next: 48%
Magic:  0/8        EV: 11    Int: 13    God:
Gold:   124        SH:  0    Dex: 13    Spells: 7/7 levels left

rFire   . . .      SeeInvis .   Y - +0 war axe
rCold   . . .      Faith    .   (no shield)
rNeg    . . .      Spirit   +   e - +0 ring mail
rPois   .          Reflect  .   (helmet restricted)
rElec   .          Harm     .   (no cloak)
rCorr   .          Rampage  .   (no gloves)
Will    .....                   (boots unavailable)
Stlth   +.........              a - amulet of guardian spirit
HPRegen 0.08/turn               (no ring)
MPRegen 0.11/turn               (no ring)

@: no status effects
A: beak, talons 3
a: no special abilities


You were on level 3 of the Dungeon.
You visited 1 branch of the dungeon, and saw 3 of its levels.

You collected 124 gold pieces.


Innate Abilities, Weirdness & Mutations

You have a beak for a mouth.
You have claws for feet.


   Skills:
 - Level 2.0 Fighting
 + Level 5.0 Axes
 - Level 1.0 Throwing
 - Level 1.1 Armour
 - Level 2.1 Dodging
 - Level 2.0 Spellcasting
 - Level 2.4 Translocations


You had 7 spell levels left.
You didn't know any spells.
Your spell library contained the following spells:

 Spells                   Type           Power      Damage    Failure   Level
 Blink                    Tloc           14%        N/A       30%         2
 Gell's Gravitas          Tloc           7%         N/A       52%         3
 Lesser Beckoning         Tloc           7%         N/A       52%         3
 Teleport Other           Tloc           7%         N/A       52%         3
 Manifold Assault         Tloc           7%         N/A       99%         5

Inventory:

Hand Weapons
 h - a +0 whip
 Y - a +0 war axe (weapon)
Armour
 e - a +0 ring mail (worn)
Jewellery
 a - an amulet of guardian spirit (around neck)
 g - a ring of wizardry
Scrolls
 b - a scroll of silence {unknown}
 i - a scroll of summoning {unknown}
Potions
 c - a potion of haste {unknown}
 f - a potion of cancellation {unknown}
 j - a potion of heal wounds {unknown}
 k - a potion of might {unknown}

Dungeon Overview and Level Annotations

Branches:
Dungeon (3/15)

Altars:


Message History

The jackal barks! x4; The howler monkey howls!
The howler monkey hoots and howls with incredible vigour!
A jackal comes into view. x2
The jackal barks!
You hear a shout! x2
Enter note: The jackal barely misses you.
You closely miss the jackal. The jackal closely misses you.
The jackal bites you but does no damage.
You hit the jackal.
The jackal is moderately wounded.
You closely miss the jackal. x2; You hit the jackal.
The jackal misses you.
A hound comes into view.
The jackal barely misses you. x2; The jackal bites you.
The jackal barely misses you. The jackal closely misses you.
The hound barks!
You slash the jackal!
You kill the jackal!
You hit the jackal.
You kill the jackal!
You closely miss the jackal. x2; You hit the jackal.
You kill the jackal!
The jackal barely misses you. x2
The jackal bites you but does no damage.
The jackal barely misses you.
You barely miss the jackal. You peck the jackal.
The jackal is heavily wounded.
You slash the jackal!
You kill the jackal!
You barely miss the jackal. You closely miss the jackal.
The jackal closely misses you.
The jackal bites you but does no damage. x2
The jackal bites you.
You barely miss the jackal.
The jackal is heavily wounded.
You hit the jackal. x2
The jackal bites you but does no damage.
The jackal barely misses you. The jackal bites you.
You die...

###############
.......h%......
...P..h@h......
~~~~~~~~%~~h~~~
~~~~~~~~~~~~~~~
~~~~~~~~~~~h~~~
...............
###############


You could see a howler monkey, a hound and 3 jackals.

Vanquished Creatures
  3 adders
  3 worms
  2 dart slugs
  An orc (D:3)
  3 endoplasms
  2 giant cockroaches (D:1)
  3 goblins
  7 hobgoblins
  6 jackals (D:3)
  A kobold (D:1)
  4 quokkas
  2 ball pythons (D:1)
  A frilled lizard (D:2)
  2 rats
40 creatures vanquished.

Notes
Turn   | Place    | Note
-------+----------+-------------------------------------------
     0 | D:1      | qw the Tengu Warper began the quest for the Orb.
     0 | D:1      | Reached XP level 1. HP: 12/12 MP: 4/4
     0 | D:1      | 0 ||| qw: Version: 0.1-a-89-g26bdef1
     0 | D:1      | 0 ||| qw: Game counter: 2178
     0 | D:1      | 0 ||| qw: Always use a shield: true
     0 | D:1      | 0 ||| qw: God list: Okawaru
     0 | D:1      | 0 ||| qw: Allow faded altars: false
     0 | D:1      | 0 ||| qw: Do Orc after D:15 true
     0 | D:1      | 0 ||| qw: Do second Lair branch before Depths: true
     0 | D:1      | 0 ||| qw: Lair rune preference: random
     0 | D:1      | 0 ||| qw: Plans: Normal
     0 | D:1      | 0 ||| PLANNING D:1-11
   185 | D:1      | 185 ||| SWAPPING to +0 war axe.
   191 | D:1      | Reached skill level 3 in Axes
   191 | D:1      | Reached XP level 2. HP: 17/17 MP: 6/6
   191 | D:1      | 191 ||| DROPPING +0 hand axe.
   274 | D:1      | 274 ||| Stepping ~*~*~tactically~*~*~ (stealth).
   676 | D:1      | 676 ||| UPGRADING to +0 ring mail.
   686 | D:1      | 686 ||| DROPPING +0 leather armour.
   687 | D:1      | 687 ||| DROPPING amulet of faith.
   688 | D:1      | 688 ||| READING scroll labelled JUULYFY ZAEJ YMU.
   689 | D:1      | 689 ||| READING scroll labelled LAT EMPITHOA.
   690 | D:1      | 690 ||| READING scroll labelled DUMPOM DI OGAPT.
   691 | D:1      | 691 ||| READING scroll labelled RISHA ORAU.
   696 | D:1      | 696 ||| DROPPING scroll of blinking.
   753 | D:2      | Reached XP level 3. HP: 21/21 MP: 7/7
   936 | D:2      | Reached skill level 4 in Axes
  1639 | D:2      | 1639 ||| DROPPING +2 robe of cold resistance.
  1640 | D:2      | 1640 ||| UPGRADING to amulet of guardian spirit.
  1645 | D:2      | 1645 ||| READING scroll labelled TYWIEJ BUU.
  1720 | D:3      | 1720 ||| Stepping ~*~*~tactically~*~*~ (stealth).
  1725 | D:3      | Reached XP level 4. HP: 20/26 MP: 8/8
  1782 | D:3      | 1782 ||| Stepping ~*~*~tactically~*~*~ (stealth).
  1785 | D:3      | 1785 ||| Stepping ~*~*~tactically~*~*~ (stealth).
  1798 | D:3      | 1798 ||| Stepping ~*~*~tactically~*~*~ (stealth).
  1811 | D:3      | 1811 ||| Stepping ~*~*~tactically~*~*~ (stealth).
  1908 | D:3      | Reached skill level 5 in Axes
  2009 | D:3      | HP: 6/26 [gnoll/+0 halberd (7)]
  2010 | D:3      | 2010 ||| READING scroll of teleportation.
  2011 | D:3      | HP: 2/26 [jackal (1)]
  2019 | D:3      | HP: 1/26 [jackal (2)]
  2020 | D:3      | Slain by a jackal

Levels and vault maps discovered:
D:1:      lightli_arrival_boilingwater, layout_basic, minmay_liquid_box
D:2:      layout_basic
D:3:      lemuel_castle_with_subvaults [lemuel_castle_interior_carwin_2],
          layout_basic, hellmonk_ecumenical_altar_prayer_group,
          dk_noncrumbling_4

Skill      XL: |  1  2  3  4 |
---------------+-------------+-----
Axes           | 3 4 5 |  5.0
Fighting       | |  2.0
Throwing       | |  1.0
Armour         | |  1.1
Dodging        | |  2.1
Spellcasting   | |  2.0
Translocations | |  2.4

Action                   |  1- 3 |  4- 6 || total
-------------------------+-------+-------++-------
Melee: Hand axe          |     7 |       ||     7
       Kick              |    24 |     7 ||    31
       War axe           |    52 |    27 ||    79
       Peck              |     9 |     3 ||    12
Throw: Boomerang         |     7 |       ||     7
  Use: Scroll            |     5 |     1 ||     6
Armor: Leather armour    |     3 |       ||     3
       Ring mail         |     6 |    15 ||    21
Dodge: Dodged            |    25 |    41 ||    66

Table legend:
 A = Non-vault XP
 B = Vault XP
 C = Vault XP percentage of total XP
 D = Non-vault monster count
 E = Vault monster count
 F = Vault count percentage of total count
                 A         B        C        D         E       F
            +---------+---------+-------+---------+---------+-------
      Total |     107 |      15 |  12.3 |      33 |       7 |  17.5
            +---------+---------+-------+---------+---------+-------
        D:1 |      29 |       0 |   0.0 |      15 |       0 |   0.0
        D:2 |      45 |       0 |   0.0 |      14 |       0 |   0.0
        D:3 |      33 |      15 |  31.2 |       4 |       7 |  63.6
            +---------+---------+-------+---------+---------+-------
